 Dungeon Crawl Stone Soup version 0.18.1-8-gdd0e5ea (webtiles) character file.

370 RudyRod the Firebug (level 6, 0/50 HPs)
             Began as a Naga Fire Elementalist on June 9, 2016.
             Slain by Edmund
             ... wielding a +0 flail of protection
              (7 damage)
             ... on level 4 of the Dungeon.
             The game lasted 00:21:36 (4203 turns).

RudyRod the Firebug (Naga Fire Elementalist)        Turns: 4203, Time: 00:21:37

Health: 0/50       AC:  4    Str: 10    XL:     6   Next: 70%
Magic:  1/11       EV: 10    Int: 17    God:
Gold:   176        SH:  0    Dex: 12    Spells: 3 memorised, 5 levels left

rFire  . . .     SeeInvis +     p - +0 short sword (venom)
rCold  . . .     Gourm    .     a - +0 robe
rNeg   . . .     Faith    .     (no shield)
rPois  +         Spirit   .     (no helmet)
rElec  .         Dismiss  .     (no cloak)
rCorr  .         Reflect  .     f - +0 pair of gloves
SustAt .         Harm     .     (no barding)
MR     .....                    (no amulet)
Stlth  +++.......               (no ring)
                                (no ring)

@: flying, very slow, not resistant to hostile enchantments, fairly stealthy
A: see invisible, deformed body, poison resistance, slowness 2, slow metabolism
1, spit poison 2, AC +2
a: Spit Poison


You were on level 4 of the Dungeon.
You were hungry.

You visited 1 branch of the dungeon, and saw 4 of its levels.

You collected 176 gold pieces.

Inventory:

Hand Weapons
 d - a +0 club
 i - a +0 dagger
 p - a +0 short sword of venom (weapon)
Armour
 a - a +0 robe (worn)
 f - a +0 pair of gloves (worn)
 h - a +2 large shield
Scrolls
 e - a scroll of enchant armour {unknown}
 g - 2 scrolls of remove curse {unknown}
 l - 3 scrolls of identify {unknown}
 o - 2 scrolls of amnesia {unknown}
Potions
 j - a potion of haste {unknown}
 k - 2 potions of flight
 m - a potion of heal wounds {unknown}
Books
 b - a book of Flames

   Spells                             Type                      Level
   a - Flame Tongue                   Conjuration/Fire             1
   b - Throw Flame                    Conjuration/Fire             2
   c - Conjure Flame                  Conjuration/Fire             3
   d - Inner Flame                    Hexes/Fire                   3
   e - Sticky Flame                   Conjuration/Fire             4
   f - Fireball                       Conjuration/Fire             5
Comestibles
 c - 3 bread rations
 n - a chunk of flesh


   Skills:
 + Level 0.6 Fighting
 + Level 2.7 Dodging
 + Level 3.8 Stealth
 + Level 3.6 Spellcasting
 + Level 2.2 Conjurations
 * Level 4.9 Fire Magic


You had 5 spell levels left.
You knew the following spells:

 Your Spells              Type           Power        Failure   Level  Hunger
a - Flame Tongue          Conj/Fire      ###..        3%          1    None
b - Throw Flame           Conj/Fire      ###...       6%          2    ##.....
c - Sticky Flame          Conj/Fire      ###.....     38%         4    ####...


Dungeon Overview and Level Annotations

Branches:
Dungeon (4/15)
 Temple: D:4-7

Altars:
Gozag
Ru
Sif Muna
Trog

Annotations:
D:4 Edmund


Innate Abilities, Weirdness & Mutations

You cannot wear boots.
Your serpentine skin is tough (AC +2).
You have supernaturally acute eyesight.
Armour fits poorly on your strangely shaped body.
Your system is resistant to poisons.
You cover ground very slowly.
You have a slow metabolism.
You can spit poison.


Message History

Press: ? - help, Shift-Dir - straight line, f/p - Edmund
Aim: Edmund, wielding a flail of protection and wearing a ring mail (heavily wounded, poisoned)
The flame tongue hits Edmund.
Edmund appears unharmed.
Edmund is heavily wounded.
You hear the brisk hiss of a distant avalanche of sand.
You hear the rusting of a very distant drain.
Edmund hits you with a flail of protection.
* * * LOW HITPOINT WARNING * * *
Your magical contamination has completely faded away.
Drink which item? (? for menu, Esc to quit)
It was a potion of flight.
You feel very buoyant.
You fly up into the air.
Edmund hits you with a flail of protection.
* * * LOW HITPOINT WARNING * * *
Edmund looks more healthy.
Edmund barely misses you. Edmund completely misses you.
Edmund hits you with a flail of protection!
You die...

#####..#.##
#.......#
#.....#
#.......### ###
#...#.#
#......... ..!#
#.....#
#.##.##.##.....
###..#.##
#..............
#....#.#
#.##.#..##.
#.##.#.#
#..#.#.##
#.##.#.#
#@#.....#
#.##.#.#
#@####..#
#.##.#.# #.#
#..# ###.##.#.#
#.####..####.
...#.....#
#............#
###.##.###
#.####........
#l##.# ##.##
#........ .##.#
#...# #....$...
.##.# #._.#
#.#......
.##.########...#
#.###.#..


You could see Edmund.

Vanquished Creatures
  An ice beast (D:4)
  A hound (D:4)
  An iguana (D:4)
  A worker ant (D:4)
  Natasha (twice) (D:3)
  Terence (D:3)
  2 adders
  2 oozes
  A worm (D:2)
  2 dart slugs (D:1)
  4 giant geckos
  6 orcs
  A ball python (D:4)
  11 bats
  2 giant cockroaches (D:1)
  8 goblins
  5 hobgoblins
  9 jackals
  8 giant newts
  6 kobolds
  7 rats
81 creatures vanquished.

Notes
Turn   | Place    | Note
--------------------------------------------------------------
     0 | D:1      | RudyRod the Naga Fire Elementalist began the quest for the Orb.
     0 | D:1      | Reached XP level 1. HP: 15/15 MP: 3/3
   438 | D:1      | Reached XP level 2. HP: 22/22 MP: 1/5
   789 | D:1      | Reached XP level 3. HP: 4/28 MP: 0/6
  2176 | D:2      | Reached XP level 4. HP: 36/36 MP: 4/8
  2219 | D:2      | Found an opulent altar of Gozag.
  2219 | D:2      | Found a sacrificial altar of Ru.
  2273 | D:2      | Found a deep blue altar of Sif Muna.
  2509 | D:3      | Noticed Terence
  2532 | D:2      | Learned a level 2 spell: Throw Flame
  2537 | D:2      | Learned a level 4 spell: Sticky Flame
  2672 | D:3      | Noticed Natasha
  3051 | D:3      | Killed Natasha
  3051 | D:3      | Reached skill level 4 in Fire Magic
  3166 | D:3      | Reached XP level 5. HP: 42/42 MP: 7/9
  3285 | D:3      | Killed Terence
  3620 | D:3      | Noticed Natasha
  3638 | D:3      | Killed Natasha
  3916 | D:4      | Noticed Edmund
  4000 | D:4      | Noticed an ogre
  4009 | D:4      | Noticed an ice beast
  4018 | D:4      | Killed an ice beast
  4018 | D:4      | Reached XP level 6. HP: 36/50 MP: 1/11
  4162 | D:4      | Found a bloodstained altar of Trog.
  4203 | D:4      | Slain by Edmund

Skill      XL: |  1  2  3  4  5 |
---------------+----------------+-----
Dodging        | 2 |  2.7
Fire Magic     | 4 |  4.9
Spellcasting   | 3 |  3.6
Conjurations   | 2 |  2.2
Fighting       | |  0.6
Stealth        | |  3.8

Action                   |  1- 3 |  4- 6 || total
-------------------------+-------+-------++-------
Melee: Club              |    10 |       ||    10
       Dagger            |    19 |     9 ||    28
       Short sword       |       |     7 ||     7
 Cast: Flame Tongue      |    67 |   110 ||   177
 Abil: Spit Poison       |     2 |     5 ||     7
  Use: Potion            |       |     1 ||     1
 Stab: Sleeping          |     2 |     2 ||     4
  Eat: Chunk             |     2 |     5 ||     7
       Fruit             |     2 |       ||     2
Armor: Robe              |    15 |     8 ||    23
Dodge: Dodged            |    55 |    48 ||   103
